 Dungeon Crawl Stone Soup version 0.21.1-1-g345015fe64 (webtiles) character file.

131 Norrik the Cudgeler (level 4, -3/41 HPs)
             Began as a Minotaur Monk on Mar 31, 2018.
             Killed from afar by Sigmund (7 damage)
             ... with a puff of flame
             ... on level 2 of the Dungeon.
             The game lasted 00:03:48 (1972 turns).

Norrik the Cudgeler (Minotaur Monk)                 Turns: 1972, Time: 00:03:49

Health: -3/41      AC:  6    Str: 17    XL:     4   Next: 91%
Magic:  3/3        EV: 12    Int:  7    God:
Gold:   152        SH:  0    Dex: 12    Spells: 3/3 levels left

rFire    . . .     SeeInvis .   n - +1 mace (drain)
rCold    . . .     Gourm    .   (no shield)
rNeg     . . .     Faith    .   p - +0 ring mail
rPois    .         Spirit   .   (helmet restricted)
rElec    .         Reflect  .   s - +0 cloak
rCorr    .         Harm     .   (no gloves)
MR       .....                  (no boots)
Stlth    +.........             (no amulet)
HPRegen  0.13/turn              (no ring)
MPRegen  0.08/turn              (no ring)

@: drained
A: retaliatory headbutt, horns 2
a: no special abilities


You were on level 2 of the Dungeon.
You were hungry.

You visited 1 branch of the dungeon, and saw 2 of its levels.

You collected 152 gold pieces.

Inventory:

Hand Weapons
 a - a +0 mace
 n - a +1 mace of draining (weapon)
Armour
 b - a +0 robe
 p - a +0 ring mail (worn)
 s - a +0 cloak (worn)
Jewellery
 o - a cursed ring of teleportation {unknown}
Scrolls
 d - a scroll of remove curse {unknown}
 e - 2 scrolls of identify {unknown}
 g - a scroll of teleportation {unknown}
 h - a scroll of magic mapping {unknown}
 i - 2 scrolls of enchant armour {unknown}
 j - a scroll of enchant weapon {unknown}
 l - a scroll of immolation {unknown}
 m - 2 scrolls of blinking {unknown}
Potions
 f - a potion of lignification {unknown}
 k - a potion of curing {unknown}
 q - a potion of haste {unknown}
Comestibles
 c - 5 rations
 r - 4 chunks of flesh


   Skills:
 + Level 4.6(4.4) Fighting
 * Level 5.5(5.3) Maces & Flails
 + Level 2.5(2.3) Armour
 - Level 3.2(3.0) Dodging
 - Level 1.5(1.3) Stealth


You had 3 spell levels left.
You didn't know any spells.

Dungeon Overview and Level Annotations

Branches:
Dungeon (2/15)

Altars:
Nemelex Xobeh
Uskayaw

Annotations:
D:2 Sigmund


Innate Abilities, Weirdness & Mutations

You reflexively headbutt those who attack you in melee.
You have a pair of horns on your head.


Message History

Your ring mail prevents you from hitting Sigmund.
Your headbutt misses Sigmund.
Sigmund is lightly wounded.
Sigmund casts a spell at you.
You are confused.
Sigmund mumbles some strange words.
Sigmund flickers and vanishes!
Deactivating autopickup; reactivate with Ctrl-A.
You miss something. Something hits you.
You miss something. You headbutt something.
You bump into the rock wall.
Something hits you.
You hit something. Something hits you!
* * * LOW HITPOINT WARNING * * *
You're too confused to move!
You bump into the rock wall.
You feel less confused.
You hear some strange, mumbled words.
A puff of flame appears from out of thin air!
The puff of flame hits you!
You die...

#
######...####.#
### #
#.#<.....# #
#...###### #
###.# #.# #.#
#.# #.# #@# #{#
..# #### #####
#..<#
#########.###


There were no monsters in sight!

Vanquished Creatures
  Terence (D:2)
  Robin (D:2)
  2 adders
  An ooze (D:2)
  A worm (D:2)
  An orc (D:2)
  5 giant cockroaches
  9 hobgoblins
  9 jackals
  A ball python (D:1)
  3 bats
  5 frilled lizards
  12 goblins
  10 kobolds
  4 rats
65 creatures vanquished.

Notes
Turn   | Place    | Note
-------+----------+-------------------------------------------
     0 | D:1      | Norrik the Minotaur Monk began the quest for the Orb.
     0 | D:1      | Reached XP level 1. HP: 19/19 MP: 0/0
   120 | D:1      | Reached skill level 4 in Maces & Flails
   121 | D:1      | Reached XP level 2. HP: 17/27 MP: 1/1
   174 | D:1      | Reached skill level 1 in Armour
   186 | D:1      | HP: 1/27 [poisoned by a kobold]
   486 | D:1      | Reached XP level 3. HP: 31/33 MP: 2/2
   691 | D:2      | Noticed Robin
  1025 | D:2      | Killed Robin
  1025 | D:2      | HP: 1/33 [hobgoblin[Robin] (4)]
  1060 | D:1      | Reached XP level 4. HP: 4/40 MP: 3/3
  1361 | D:2      | Noticed Terence
  1369 | D:2      | Killed Terence
  1369 | D:2      | Reached skill level 5 in Maces & Flails
  1442 | D:2      | Found a hide-covered altar of Uskayaw.
  1804 | D:2      | Found a sparkling altar of Nemelex Xobeh.
  1959 | D:2      | Noticed Sigmund
  1972 | D:2      | Killed from afar by Sigmund

Skill      XL: |  1  2  3  4 |
---------------+-------------+-----
Maces & Flails | 4 5 |  5.5
Armour         | 1 2 |  2.5
Fighting       | 4 |  4.6
Dodging        | |  3.2
Stealth        | |  1.5

Action                   |  1- 3 |  4- 6 || total
-------------------------+-------+-------++-------
Melee: Mace              |    89 |    52 ||   141
       Headbutt          |    11 |    11 ||    22
  Use: Potion            |     1 |       ||     1
 Stab: Sleeping          |     4 |       ||     4
  Eat: Chunk             |       |     3 ||     3
Armor: Robe              |    13 |     1 ||    14
       Ring mail         |       |     6 ||     6
Dodge: Dodged            |    82 |    28 ||   110
